TOP OF THE 1ST |
Williamsport Crosscutters batting - Pitching for State College Spikes : RHP Quinn Grantham
|
Pitching: RHP Quinn Grantham
|
|
Batting: RHB Alan Weller
|
0-0: SINGLE (Line Drive, 4D, EV 105.0 MPH)
|
Batting: LHB Manoel Camp
|
0-0: Fielders Choice at 2nd, 6-4 (Groundball, 6M, EV 88.1 MPH)
|
Batting: SHB Benjamin Brown
|
0-0: SINGLE (Line Drive, 6D, EV 94.4 MPH) Manoel Camp to second
|
Batting: LHB Tsuneharu Nishimura
|
0-0: Ball 1-0: Ball 2-0: Ball 3-0: Base on Balls Manoel Camp to third Benjamin Brown to second
|
Batting: RHB Matt McDevitt
|
0-0: Called Strike 0-1: Foul Ball, location: 2F 0-2: Ball 1-2: Strikes out swinging
|
Batting: RHB Moritake Fukumoto
|
0-0: Foul Ball, location: 2F 0-1: Ball 1-1: Called Strike 1-2: Ball 2-2: Foul Ball, location: 2F 2-2: SINGLE (Groundball, 4MD, EV 97.5 MPH) Manoel Camp scores Benjamin Brown to third Tsuneharu Nishimura to second Runner from 3rd tries for Home, SAFE, throw by CF to home Tsuneharu Nishimura to third Moritake Fukumoto to second
|
Batting: RHB Ken Gadberry
|
0-0: Ball 1-0: Ball 2-0: Foul Ball, location: 2F 2-1: Ball Wild Pitch! Tsuneharu Nishimura scores Moritake Fukumoto to third 3-1: Base on Balls
|
Batting: SHB Matt Sybrant
|
0-0: Called Strike 0-1: Fly out, F2 (Popup, 2L, EV 90.0 MPH)
|
Top of the 1st over - 3 runs, 3 hits, 0 errors, 2 left on base; Williamsport 3 - State College 0 |
BOTTOM OF THE 1ST |
State College Spikes batting - Pitching for Williamsport Crosscutters : RHP Brian Yager
|
Pitching: RHP Brian Yager
|
|
Batting: LHB Ichiro Toyota
|
0-0: Fly out, F8 (Flyball, 8LD, EV 80.0 MPH)
|
Batting: LHB Adam Eisen
|
0-0: Ball 1-0: Ball 2-0: Ball 3-0: Called Strike 3-1: DOUBLE (Flyball, 89D, EV 96.9 MPH)
|
Batting: LHB Shigeru Ono
|
0-0: Ground out 4-3 (Groundball, 34, EV 91.3 MPH) Adam Eisen to third
|
Batting: RHB Immel Kamuzu
|
0-0: Called Strike 0-1: Ball 1-1: Foul Ball, location: 2F 1-2: 2-RUN HOME RUN (Line Drive, 78XD, EV 104.4 MPH), Distance : 423 ft
|
Batting: RHB Francisco Vargas
|
0-0: Ball 1-0: Ball 2-0: Ball 3-0: Called Strike 3-1: Fly out, F7 (Line Drive, 7, EV 100.0 MPH)
|
Bottom of the 1st over - 2 runs, 2 hits, 0 errors, 0 left on base; Williamsport 3 - State College 2 |
TOP OF THE 2ND |
Williamsport Crosscutters batting - Pitching for State College Spikes : RHP Quinn Grantham
|
Batting: RHB Cory Bonham
|
0-0: Called Strike 0-1: Ground out 5-3 (Groundball, 56S, EV 64.4 MPH)
|
Batting: RHB Alan Weller
|
0-0: Ball 1-0: Swinging Strike 1-1: Foul Ball, location: 2F 1-2: Strikes out swinging
|
Batting: LHB Manoel Camp
|
0-0: Ball 1-0: Ball 2-0: Ball 3-0: Base on Balls
|
Batting: SHB Benjamin Brown
|
0-0: SINGLE (Groundball, 56S, EV 66.3 MPH) (infield hit) Manoel Camp to second
|
Batting: LHB Tsuneharu Nishimura
|
0-0: Ball 1-0: Swinging Strike 1-1: Foul Ball, location: 2F 1-2: Foul Ball, location: 2F 1-2: Ground out U3 (Groundball, 3, EV 93.1 MPH)
|
Top of the 2nd over - 0 runs, 1 hit, 0 errors, 2 left on base; Williamsport 3 - State College 2 |
BOTTOM OF THE 2ND |
State College Spikes batting - Pitching for Williamsport Crosscutters : RHP Brian Yager
|
Batting: RHB Mike Zimmerly
|
0-0: Swinging Strike 0-1: Ground out 4-3 (Groundball, 4, EV 107.5 MPH)
|
Batting: SHB Steve Barnett
|
0-0: Ball 1-0: Called Strike 1-1: Ball 2-1: Ball 3-1: Foul Ball, location: 2F 3-2: SINGLE (Flyball, 4D, EV 93.1 MPH)
|
Batting: RHB Chris LaReau
|
0-0: Foul Ball, location: 2F 0-1: Swinging Strike 0-2: Ball 1-2: Ball 2-2: Fly out, F9 (Flyball, 89S, EV 85.0 MPH)
|
Batting: RHB Ray Souza
|
0-0: Swinging Strike 0-1: Ball 1-1: SINGLE (Groundball, 4MD, EV 105.0 MPH) Steve Barnett to second Runner from 2nd tries for 3rd, SAFE, throw by CF made to third
|
Batting: LHB Ichiro Toyota
|
0-0: Ball 1-0: SINGLE (Line Drive, 6D, EV 103.1 MPH) Steve Barnett scores Ray Souza to second
|
Batting: LHB Adam Eisen
|
0-0: Swinging Strike 0-1: Foul Ball, location: 2F 0-2: DOUBLE (Line Drive, 8LD, EV 100.0 MPH) Ray Souza scores Ichiro Toyota to third Runner from 3rd tries for Home, SAFE, no throw by CF
|
Batting: LHB Shigeru Ono
|
0-0: Called Strike 0-1: SINGLE (Groundball, 4, EV 98.1 MPH) Adam Eisen to third Runner from 3rd tries for Home, SAFE, throw by CF to home Shigeru Ono to second
|
Pitching: RHP Robbie Rojas
|
|
Batting: RHB Immel Kamuzu
|
0-0: Called Strike 0-1: Ball 1-1: Called Strike 1-2: Foul Ball, location: 2F 1-2: Strikes out swinging
|
Bottom of the 2nd over - 4 runs, 5 hits, 0 errors, 1 left on base; Williamsport 3 - State College 6 |
TOP OF THE 3RD |
Williamsport Crosscutters batting - Pitching for State College Spikes : RHP Quinn Grantham
|
Batting: RHB Matt McDevitt
|
0-0: Ball 1-0: Ball 2-0: Ground out 4-3 (Groundball, 4, EV 87.5 MPH)
|
Batting: RHB Moritake Fukumoto
|
0-0: Called Strike 0-1: Ball 1-1: Ground out 4-3 (Groundball, 4, EV 77.5 MPH)
|
Batting: RHB Ken Gadberry
|
0-0: Foul Ball, location: 2F 0-1: Swinging Strike 0-2: Strikes out swinging
|
Top of the 3rd over - 0 runs, 0 hits, 0 errors, 0 left on base; Williamsport 3 - State College 6 |
BOTTOM OF THE 3RD |
State College Spikes batting - Pitching for Williamsport Crosscutters : RHP Robbie Rojas
|
Batting: RHB Francisco Vargas
|
0-0: Ball 1-0: Called Strike 1-1: Ball 2-1: Called Strike 2-2: Strikes out swinging
|
Batting: RHB Mike Zimmerly
|
0-0: Hit by Pitch
|
Batting: SHB Steve Barnett
|
0-0: Called Strike 0-1: Ball 1-1: Ball 2-1: Swinging Strike 2-2: Ball Wild Pitch! Mike Zimmerly to second 3-2: Strikes out swinging
|
Batting: RHB Chris LaReau
|
0-0: Ball 1-0: Ball 2-0: Called Strike 2-1: Swinging Strike 2-2: Foul Ball, location: 2F 2-2: Strikes out swinging
|
Bottom of the 3rd over - 0 runs, 0 hits, 0 errors, 1 left on base; Williamsport 3 - State College 6 |
TOP OF THE 4TH |
Williamsport Crosscutters batting - Pitching for State College Spikes : RHP Quinn Grantham
|
Batting: SHB Matt Sybrant
|
0-0: Foul Ball, location: 2F 0-1: Foul Ball, location: 2F 0-2: Strikes out swinging
|
Batting: RHB Cory Bonham
|
0-0: Ball 1-0: Ball 2-0: Foul Ball, location: 2F 2-1: Called Strike 2-2: Ball 3-2: Strikes out looking
|
Batting: RHB Alan Weller
|
0-0: Called Strike 0-1: Called Strike 0-2: Ball 1-2: Ball 2-2: Foul Ball, location: 2F 2-2: Strikes out swinging
|
Top of the 4th over - 0 runs, 0 hits, 0 errors, 0 left on base; Williamsport 3 - State College 6 |
BOTTOM OF THE 4TH |
State College Spikes batting - Pitching for Williamsport Crosscutters : RHP Robbie Rojas
|
Batting: RHB Ray Souza
|
0-0: Ball 1-0: Ball 2-0: Called Strike 2-1: Ball 3-1: Foul Ball, location: 2F 3-2: Foul Ball, location: 2F 3-2: Foul Ball, location: 2F 3-2: Ground out 6-3 (Groundball, 6, EV 88.1 MPH)
|
Batting: LHB Ichiro Toyota
|
0-0: Called Strike 0-1: Ball 1-1: Swinging Strike 1-2: Foul Ball, location: 2F 1-2: Strikes out swinging
|
Batting: LHB Adam Eisen
|
0-0: Ball 1-0: Foul Ball, location: 2F 1-1: Foul Ball, location: 2F 1-2: Ball 2-2: Strikes out swinging
|
Bottom of the 4th over - 0 runs, 0 hits, 0 errors, 0 left on base; Williamsport 3 - State College 6 |
TOP OF THE 5TH |
Williamsport Crosscutters batting - Pitching for State College Spikes : RHP Quinn Grantham
|
Batting: LHB Manoel Camp
|
0-0: Ball 1-0: Called Strike 1-1: Ground out 6-3 (Groundball, 6, EV 103.8 MPH)
|
Batting: SHB Benjamin Brown
|
0-0: Swinging Strike 0-1: Called Strike 0-2: Ball 1-2: Ball 2-2: Ball 3-2: Ground out 5-3 (Groundball, 56, EV 101.3 MPH)
|
Batting: LHB Tsuneharu Nishimura
|
0-0: Ball 1-0: Ball 2-0: Ball 3-0: Called Strike 3-1: Foul Ball, location: 2F 3-2: Fly out, F8 (Flyball, 8RM, EV 89.4 MPH)
|
Top of the 5th over - 0 runs, 0 hits, 0 errors, 0 left on base; Williamsport 3 - State College 6 |
BOTTOM OF THE 5TH |
State College Spikes batting - Pitching for Williamsport Crosscutters : RHP Robbie Rojas
|
Batting: LHB Shigeru Ono
|
0-0: Ground out 1-3 (Groundball, 34S, EV 73.8 MPH)
|
Batting: RHB Immel Kamuzu
|
0-0: Called Strike 0-1: Ball 1-1: Ball 2-1: Ball 3-1: Foul Ball, location: 2F 3-2: Fly out, F7 (Line Drive, 78M, EV 90.6 MPH)
|
Batting: RHB Francisco Vargas
|
0-0: Called Strike 0-1: Ball 1-1: Foul Ball, location: 2F 1-2: Fly out, F5 (Line Drive, 5, EV 71.9 MPH)
|
Bottom of the 5th over - 0 runs, 0 hits, 0 errors, 0 left on base; Williamsport 3 - State College 6 |
TOP OF THE 6TH |
Williamsport Crosscutters batting - Pitching for State College Spikes : RHP Quinn Grantham
|
Batting: RHB Matt McDevitt
|
0-0: Ball 1-0: Ball 2-0: Ball 3-0: Swinging Strike 3-1: Called Strike 3-2: Strikes out swinging
|
Batting: RHB Moritake Fukumoto
|
0-0: Swinging Strike 0-1: Fly out, F9 (Flyball, 89S, EV 78.1 MPH)
|
Batting: RHB Ken Gadberry
|
0-0: Ball 1-0: Ball 2-0: Ball 3-0: Called Strike 3-1: Foul Ball, location: 2F 3-2: Foul Ball, location: 2F 3-2: Strikes out looking
|
Top of the 6th over - 0 runs, 0 hits, 0 errors, 0 left on base; Williamsport 3 - State College 6 |
BOTTOM OF THE 6TH |
State College Spikes batting - Pitching for Williamsport Crosscutters : RHP Robbie Rojas
|
Batting: RHB Mike Zimmerly
|
0-0: Called Strike 0-1: Ground out 6-3 (Groundball, 6, EV 109.4 MPH)
|
Pitching: LHP Kerry Tuckfard
|
|
Batting: SHB Steve Barnett
|
0-0: Called Strike 0-1: Swinging Strike 0-2: Ball 1-2: Strikes out swinging
|
Batting: RHB Chris LaReau
|
0-0: Called Strike 0-1: Foul Ball, location: 2F 0-2: SOLO HOME RUN (Flyball, 9D, EV 100.6 MPH), Distance : 367 ft
|
Batting: RHB Ray Souza
|
0-0: Ball 1-0: Foul Ball, location: 2F 1-1: Ball 2-1: Foul Ball, location: 2F 2-2: Strikes out looking
|
Bottom of the 6th over - 1 run, 1 hit, 0 errors, 0 left on base; Williamsport 3 - State College 7 |
TOP OF THE 7TH |
Williamsport Crosscutters batting - Pitching for State College Spikes : RHP Quinn Grantham
|
Pitching: LHP Sean Cerna
|
|
Batting: SHB Matt Sybrant
|
0-0: Called Strike 0-1: Called Strike 0-2: Ball 1-2: SINGLE (Groundball, 4MD, EV 103.1 MPH)
|
Batting: RHB Cory Bonham
|
0-0: Ball 1-0: Ball 2-0: Ball 3-0: Base on Balls Matt Sybrant to second
|
Batting: RHB Alan Weller
|
0-0: Called Strike 0-1: SINGLE (Line Drive, 34, EV 93.8 MPH) Matt Sybrant to third Cory Bonham to second
|
Batting: LHB Manoel Camp
|
0-0: Called Strike 0-1: Foul Ball, location: 2F 0-2: Ball 1-2: Ball 2-2: Ball 3-2: Fielders Choice at 2nd, 6-4 (Groundball, 6S, EV 85.6 MPH) Matt Sybrant scores Cory Bonham to third
|
Batting: SHB Benjamin Brown
|
0-0: Foul Ball, location: 2F 0-1: Ball 1-1: Foul Ball, location: 2F 1-2: Ball 2-2: Strikes out swinging
|
Pinch Hitting: RHB Prabhukumar Santhanakrishnan
|
0-0: Ball 1-0: Called Strike 1-1: Called Strike 1-2: DOUBLE (Line Drive, 89D, EV 106.3 MPH) Cory Bonham scores Manoel Camp to third Runner from 3rd tries for Home, SAFE, throw by RF to home
|
Pitching: RHP Rich Young
|
|
Batting: RHB Matt McDevitt
|
0-0: Swinging Strike 0-1: SINGLE (Groundball, 3D, EV 96.3 MPH) Prabhukumar Santhanakrishnan to third Runner from 3rd tries for Home, SAFE, throw by RF to home
|
Batting: RHB Moritake Fukumoto
|
0-0: Ball 1-0: Foul Ball, location: 2F 1-1: Ball 2-1: Fielders Choice at 2nd, 5-4 (Groundball, 5, EV 88.1 MPH)
|
Top of the 7th over - 4 runs, 4 hits, 0 errors, 1 left on base; Williamsport 7 - State College 7 |
BOTTOM OF THE 7TH |
State College Spikes batting - Pitching for Williamsport Crosscutters : LHP Kerry Tuckfard
|
Now in LF: Manoel Camp
|
|
Now in CF: Prabhukumar Santhanakrishnan
|
|
Batting: LHB Ichiro Toyota
|
0-0: Called Strike 0-1: Ball 1-1: Ball 2-1: Swinging Strike 2-2: Fly out, F7 (Flyball, 78S, EV 83.8 MPH)
|
Batting: LHB Adam Eisen
|
0-0: Ball 1-0: Called Strike 1-1: Called Strike 1-2: Fly out, F9 (Flyball, 9S, EV 93.1 MPH)
|
Batting: LHB Shigeru Ono
|
0-0: Ground out 4-3 (Groundball, 4M, EV 85.6 MPH)
|
Bottom of the 7th over - 0 runs, 0 hits, 0 errors, 0 left on base; Williamsport 7 - State College 7 |
TOP OF THE 8TH |
Williamsport Crosscutters batting - Pitching for State College Spikes : RHP Rich Young
|
Batting: RHB Ken Gadberry
|
0-0: Fly out, F3 (Popup, 3SF, EV 82.5 MPH)
|
Batting: SHB Matt Sybrant
|
0-0: Ball 1-0: Called Strike 1-1: Ground out 6-3 (Groundball, 6, EV 81.9 MPH)
|
Batting: RHB Cory Bonham
|
0-0: Foul Ball, location: 2F 0-1: Ball 1-1: Foul Ball, location: 2F 1-2: Ground out 1-3 (Groundball, 13, EV 62.5 MPH)
|
Top of the 8th over - 0 runs, 0 hits, 0 errors, 0 left on base; Williamsport 7 - State College 7 |
BOTTOM OF THE 8TH |
State College Spikes batting - Pitching for Williamsport Crosscutters : LHP Kerry Tuckfard
|
Pitching: LHP Victor Villarreal
|
|
Batting: RHB Immel Kamuzu
|
0-0: Foul Ball, location: 2F 0-1: SINGLE (Line Drive, 6MD, EV 104.4 MPH)
|
Batting: RHB Francisco Vargas
|
0-0: Called Strike 0-1: Grounds into double play, 5-4-3 (Groundball, 5, EV 84.4 MPH)
|
Batting: RHB Mike Zimmerly
|
0-0: Ball 1-0: Ball 2-0: Ground out 4-3 (Groundball, 4M, EV 80.0 MPH)
|
Bottom of the 8th over - 0 runs, 1 hit, 0 errors, 0 left on base; Williamsport 7 - State College 7 |
TOP OF THE 9TH |
Williamsport Crosscutters batting - Pitching for State College Spikes : RHP Rich Young
|
Batting: RHB Alan Weller
|
0-0: Ball 1-0: Swinging Strike 1-1: Called Strike 1-2: Strikes out looking
|
Batting: LHB Manoel Camp
|
0-0: Ball 1-0: Called Strike 1-1: Ball 2-1: Swinging Strike 2-2: Ground out U3 (Groundball, 3, EV 98.8 MPH)
|
Batting: SHB Benjamin Brown
|
0-0: Ball 1-0: Ground out 4-3 (Groundball, 4, EV 87.5 MPH)
|
Top of the 9th over - 0 runs, 0 hits, 0 errors, 0 left on base; Williamsport 7 - State College 7 |
BOTTOM OF THE 9TH |
State College Spikes batting - Pitching for Williamsport Crosscutters : LHP Victor Villarreal
|
Pitching: RHP Dou-guan Ti
|
|
Batting: SHB Steve Barnett
|
0-0: Ball 1-0: Ball 2-0: Ground out 1-3 (Groundball, 34S, EV 68.1 MPH)
|
Pinch Hitting: LHB Dustin Horsley
|
0-0: Fly out, F7 (Flyball, 7LD, EV 108.8 MPH)
|
Pinch Hitting: RHB Mark Marks
|
0-0: Ball 1-0: Swinging Strike 1-1: Ball 2-1: Ball 3-1: Called Strike 3-2: Foul Ball, location: 2F 3-2: Ground out U3 (Groundball, 34, EV 78.1 MPH)
|
Bottom of the 9th over - 0 runs, 0 hits, 0 errors, 0 left on base; Williamsport 7 - State College 7 |
TOP OF THE 10TH |
Williamsport Crosscutters batting - Pitching for State College Spikes : RHP Rich Young
|
Now at C: Mark Marks
|
|
Now at 1B: Francisco de la Cruz
|
|
Batting: RHB Prabhukumar Santhanakrishnan
|
0-0: Fly out, F9 (Flyball, 9LD, EV 80.6 MPH)
|
Batting: RHB Matt McDevitt
|
0-0: Called Strike 0-1: Ball 1-1: Swinging Strike 1-2: Ball 2-2: Foul Ball, location: 2F 2-2: Strikes out looking
|
Batting: RHB Moritake Fukumoto
|
0-0: Ball 1-0: Called Strike 1-1: Foul Ball, location: 2F 1-2: Ball 2-2: Ground out 6-3 (Groundball, 6, EV 95.0 MPH)
|
Top of the 10th over - 0 runs, 0 hits, 0 errors, 0 left on base; Williamsport 7 - State College 7 |
BOTTOM OF THE 10TH |
State College Spikes batting - Pitching for Williamsport Crosscutters : RHP Dou-guan Ti
|
Batting: LHB Ichiro Toyota
|
0-0: Called Strike 0-1: Ball 1-1: Ball 2-1: Swinging Strike 2-2: Strikes out swinging
|
Batting: LHB Adam Eisen
|
0-0: Foul Ball, location: 2F 0-1: Foul Ball, location: 2F 0-2: Ball 1-2: Strikes out swinging
|
Batting: LHB Shigeru Ono
|
0-0: Ball 1-0: SINGLE (Groundball, 4M, EV 105.0 MPH) (infield hit)
|
Batting: RHB Immel Kamuzu
|
0-0: Ball Pickoff Throw to First - Out! 1-3
|
Bottom of the 10th over - 0 runs, 1 hit, 0 errors, 0 left on base; Williamsport 7 - State College 7 |
TOP OF THE 11TH |
Williamsport Crosscutters batting - Pitching for State College Spikes : RHP Rich Young
|
Pinch Hitting: SHB Jeff Echt
|
0-0: Ground out 4-3 (Groundball, 4, EV 86.3 MPH)
|
Batting: SHB Matt Sybrant
|
0-0: Ball 1-0: Called Strike 1-1: Ball 2-1: Ball 3-1: Foul Ball, location: 2F 3-2: Strikes out swinging
|
Batting: RHB Cory Bonham
|
0-0: Called Strike 0-1: Foul Ball, location: 2F 0-2: Fly out, F2 (Popup, 2LF, EV 88.8 MPH)
|
Top of the 11th over - 0 runs, 0 hits, 0 errors, 0 left on base; Williamsport 7 - State College 7 |
BOTTOM OF THE 11TH |
State College Spikes batting - Pitching for Williamsport Crosscutters : RHP Dou-guan Ti
|
Now at 2B: Allen Gravel
|
|
Batting: RHB Immel Kamuzu
|
0-0: Swinging Strike 0-1: Called Strike 0-2: Ball 1-2: Strikes out looking
|
Batting: RHB Francisco Vargas
|
0-0: Ball 1-0: Ball 2-0: Called Strike 2-1: Ball 3-1: Ground out U3 (Groundball, 3S, EV 91.3 MPH)
|
Batting: RHB Mike Zimmerly
|
0-0: Ball 1-0: Ball 2-0: Ball 3-0: Called Strike 3-1: Foul Ball, location: 2F 3-2: Ground out 4-3 (Groundball, 4, EV 85.6 MPH)
|
Bottom of the 11th over - 0 runs, 0 hits, 0 errors, 0 left on base; Williamsport 7 - State College 7 |
TOP OF THE 12TH |
Williamsport Crosscutters batting - Pitching for State College Spikes : RHP Rich Young
|
Batting: RHB Alan Weller
|
0-0: Ball 1-0: Ball 2-0: Ground out 1-3 (Groundball, 13, EV 73.1 MPH)
|
Pitching: RHP Eric Glad
|
|
Batting: LHB Manoel Camp
|
0-0: Ball 1-0: Ground out 6-3 (Groundball, 6, EV 80.0 MPH)
|
Batting: SHB Benjamin Brown
|
0-0: Ball 1-0: Swinging Strike 1-1: Swinging Strike 1-2: Ground out 4-3 (Groundball, 4, EV 93.1 MPH)
|
Top of the 12th over - 0 runs, 0 hits, 0 errors, 0 left on base; Williamsport 7 - State College 7 |
BOTTOM OF THE 12TH |
State College Spikes batting - Pitching for Williamsport Crosscutters : RHP Dou-guan Ti
|
Batting: SHB Steve Barnett
|
0-0: Called Strike 0-1: Ball 1-1: Ball 2-1: Foul Ball, location: 2F 2-2: Strikes out looking
|
Batting: RHB Francisco de la Cruz
|
0-0: Called Strike 0-1: Ball 1-1: Foul Ball, location: 2F 1-2: Strikes out swinging
|
Batting: RHB Mark Marks
|
0-0: Fly out, F5 (Popup, 5SF, EV 70.0 MPH)
|
Bottom of the 12th over - 0 runs, 0 hits, 0 errors, 0 left on base; Williamsport 7 - State College 7 |
TOP OF THE 13TH |
Williamsport Crosscutters batting - Pitching for State College Spikes : RHP Eric Glad
|
Batting: RHB Prabhukumar Santhanakrishnan
|
0-0: DOUBLE (Line Drive, 89D, EV 105.0 MPH)
|
Batting: RHB Matt McDevitt
|
0-0: Ball 1-0: Called Strike 1-1: Ball 2-1: Foul Ball, location: 2F 2-2: Foul Ball, location: 2F 2-2: Ground out 4-3 (Groundball, 34, EV 98.8 MPH) Prabhukumar Santhanakrishnan to third
|
Batting: RHB Moritake Fukumoto
|
0-0: Called Strike 0-1: Fly out, F7 (Flyball, 78XD, EV 92.5 MPH) Runner from 3rd tags up, SCORES, no throw by LF
|
Batting: RHB Allen Gravel
|
0-0: SINGLE (Groundball, 34D, EV 100.6 MPH)
|
Batting: SHB Matt Sybrant
|
0-0: Called Strike 0-1: Ball 1-1: Swinging Strike 1-2: Ball 2-2: Strikes out looking
|
Top of the 13th over - 1 run, 2 hits, 0 errors, 1 left on base; Williamsport 8 - State College 7 |
BOTTOM OF THE 13TH |
State College Spikes batting - Pitching for Williamsport Crosscutters : RHP Dou-guan Ti
|
Pitching: RHP Marty Nieves
|
|
Batting: LHB Ichiro Toyota
|
0-0: Ground out U3 (Groundball, 3, EV 86.3 MPH)
|
Batting: LHB Adam Eisen
|
0-0: Called Strike 0-1: DOUBLE (Line Drive, 9LD, EV 113.8 MPH)
|
Batting: LHB Shigeru Ono
|
0-0: Called Strike 0-1: Called Strike 0-2: Ball 1-2: Foul Ball, location: 2F 1-2: Foul Ball, location: 2F 1-2: Strikes out swinging
|
Batting: RHB Immel Kamuzu
|
0-0: Ball 1-0: Fly out, F4 (Line Drive, 4, EV 71.3 MPH)
|
Bottom of the 13th over - 0 runs, 1 hit, 0 errors, 1 left on base; Williamsport 8 - State College 7 |
|